 Dungeon Crawl Stone Soup version 0.27.0-1-g7a089689b8 (webtiles) character file.

Game seed: 2879565998502524726

71202 SnakkuSnakku7 the Basher (level 14, -7/165 HPs)
             Began as a Vampire Hedge Wizard on Aug 13, 2021.
             Was the Champion of Kikubaaqudgha.
             Mangled by Saint Roka (25 damage)
             ... on level 2 of the Orcish Mines.
             The game lasted 00:44:13 (19683 turns).

SnakkuSnakku7 the Basher (Vampire Hedge Wizard)    Turns: 19683, Time: 00:44:17

Health: -7/165     AC: 34    Str: 13    XL:     14   Next: 96%
Magic:  18/18      EV:  2    Int: 16    God:    Kikubaaqudgha [******]
Gold:   4085       SH:  0    Dex: 15    Spells: 19/19 levels left

rFire    + . .     SeeInvis +   a - +5 dire flail (protect)
rCold    . . .     Faith    .   (shield currently unavailable)
rNeg     + + +     Spirit   .   (armour currently unavailable)
rPois    +         Reflect  .   (helmet currently unavailable)
rElec    .         Harm     .   (cloak currently unavailable)
rCorr    .         Rampage  .   (gloves currently unavailable)
Will     ++...     NoTele   +   (boots currently unavailable)
Stlth    ++........             h - amulet of regeneration
HPRegen  1.57/turn              d - ring of willpower
MPRegen  0.16/turn              p - ring of protection from fire

@: tree-form, under a protective aura, healing quickly, studying Axes
A: stationary, stasis, torment immunity, boosted hp, alive, (fangs 3), see
invisible, vampiric 2
a: Exsanguinate, Renounce Religion, Receive Corpses, Torment, Brand Weapon With
Pain, Receive Forbidden Knowledge


You were on level 2 of the Orcish Mines.
You worshipped Kikubaaqudgha.
Kikubaaqudgha was exalted by your worship.
You were a tree.
You visited 4 branches of the dungeon, and saw 20 of its levels.
You also visited: Ossuary.

You collected 4085 gold pieces.

Inventory:

Hand Weapons
 a - a +5 dire flail of protection (weapon)
 e - a +0 dagger
 f - a +0 short sword
 u - a +0 hand axe
 y - a +5 morningstar
Missiles
 v - 81 poisoned darts (quivered)
 O - 5 throwing nets
 S - 4 curare-tipped darts
Armour
 b - a +0 pair of boots (melded)
 j - +0 swamp dragon scales (melded)
 o - a +1 helmet (melded)
 A - a +3 leather armour of poison resistance
 E - a +1 pair of gloves (melded)
 I - a +1 ring mail of cold resistance
 L - a +0 tower shield
 U - the +3 hat of Pondering {ponderous, Will+ MP+10 Int+5}
   (You took it off Gastronok on level 10 of the Dungeon)

   Int:       It affects your intelligence (+5).
   MP:        It affects your magic capacity (+10).
   Will:      It increases your willpower.
 W - a +1 cloak (melded)
Jewellery
 d - a ring of willpower (left branch)
 h - an amulet of regeneration (around neck)
 n - a ring of ice
 p - a ring of protection from fire (right branch)
Wands
 w - a wand of digging (12)
 x - a wand of polymorph (19)
 C - a wand of flame (57)
 N - a wand of charming (9)
 P - a wand of iceblast (23)
 Q - a wand of acid (11)
Scrolls
 c - a scroll of fear
 i - a scroll of magic mapping
 k - 7 scrolls of enchant weapon
 s - 3 scrolls of identify
 D - 3 scrolls of immolation
 F - 2 scrolls of fog
 K - 2 scrolls of blinking
 R - 5 scrolls of teleportation
 V - a scroll of torment
Potions
 g - 4 potions of brilliance
 l - 4 potions of heal wounds
 m - a potion of resistance
 q - 5 potions of curing
 r - a potion of attraction
 t - a potion of cancellation
 z - 3 potions of lignification
 B - 7 potions of haste
 G - a potion of flight
 H - 2 potions of mutation
 J - 2 potions of might
 M - a potion of ambrosia
 T - a potion of magic


   Skills:
 - Level 10.0 Fighting
 - Level 4.5(10.9) Axes
 - Level 13.7(14.0) Maces & Flails
 - Level 4.0 Throwing
 - Level 10.0 Armour
 - Level 10.0 Dodging
 - Level 3.0 Stealth
 - Level 3.0 Spellcasting
 - Level 0.6 Conjurations
 - Level 1.0 Summonings
 + Level 9.2 Necromancy
 - Level 0.7 Translocations


You had 19 spell levels left.
You didn't know any spells.
Your spell library contained the following spells:

 Spells                   Type           Power      Damage    Failure   Level
 Animate Skeleton         Necr           64%        N/A       1%          1
 Pain                     Necr           100%       1d9       1%          1
 Vampiric Draining        Necr           16%        2d8       1%          3
 Corpse Rot               Necr/Air       N/A        N/A       4%          2
 Animate Dead             Necr           16%        N/A       4%          4
 Dispel Undead            Necr           32%        3d14      4%          4
 Summon Small Mammal      Summ           20%        N/A       12%         1
 Agony                    Necr           32%        N/A       12%         5
 Excruciating Wounds      Necr           16%        N/A       12%         5
 Magic Dart               Conj           16%        1d3       14%         1
 Foxfire                  Conj/Fire      12%        2x1d4     17%         1
 Freeze                   Ice            8%         1d3       19%         1
 Call Imp                 Summ           5%         N/A       19%         2
 Blink                    Tloc           N/A        N/A       22%         2
 Searing Ray              Conj           8%         3d3       22%         2
 Poisonous Vapours        Pois/Air       4%         N/A       28%         2
 Slow                     Hex            2%         N/A       28%         2
 Call Canine Familiar     Summ           5%         N/A       36%         3
 Gell's Gravitas          Tloc           2%         N/A       38%         3
 Lesser Beckoning         Tloc           2%         N/A       38%         3
 Teleport Other           Tloc           4%         N/A       38%         3
 Summon Guardian Golem    Hex/Summ       4%         N/A       41%         3
 Conjure Flame            Conj/Fire      3%         6-21      45%         3
 Mephitic Cloud           Conj/Pois/Air  3%         N/A       45%         3
 Inner Flame              Hex/Fire       2%         N/A       50%         3
 Death Channel            Necr           16%        N/A       54%         6
 Borgnjor's Vile Clutch   Necr/Erth      8%         N/A       61%         5
 Fulminant Prism          Conj/Hex       1%         3d6       86%         4
 Alistair's Intoxication  Tmut/Pois      1%         N/A       99%         5
 Lightning Bolt           Conj/Air       1%         1d12      99%         5
 Simulacrum               Ice/Necr       8%         N/A       99%         6
 Eringya's Noxious Bog    Tmut/Pois      1%         N/A       100%        6


Dungeon Overview and Level Annotations

Branches:
Dungeon (11/15)            Temple (1/1) D:6            Lair (6/6) D:11
  Swamp (0/4) Lair:3       Spider (0/4) Lair:2        Slime (0/5) Lair:5
    Orc (2/2) D:10            Elf (0/3) Orc:2       Ossuary (visited)

Altars:
Ashenzari
Cheibriados
Dithmenos
Elyvilon
Fedhas
Gozag
Hepliaklqana
Kikubaaqudgha
Makhleb
Nemelex Xobeh
Okawaru
Qazlal
Ru
Sif Muna
Trog
Uskayaw
Vehumet
Wu Jian
Xom
Yredelemnul
Zin
The Shining One
Beogh
Jiyva

Portals:
Trove: D:10 (give 13 potions of heal wounds)

Annotations:
D:11 3 runed translucent doors, Krazlmac's ghost, journeyman TeMo
Lair:6 exclusion: oklob plant
Orc:2 Saint Roka


Innate Abilities, Weirdness & Mutations

You are a tree.
Your roots penetrate the ground, keeping you stationary.
You cannot be teleported.
You are immune to unholy pain and torment.
Your maximum health is greatly increased.
Your equipment is partially melded.
Your natural rate of healing is accelerated.
((You have razor-sharp teeth.))
You have supernaturally acute eyesight. (SInv)
You are afflicted with vampirism and can become a bat while bloodless.


Message History

Saint Roka mumbles some strange prayers to Beogh against you.
Beogh smites you!
You hit Saint Roka but do no damage.
Saint Roka is lightly wounded.
Saint Roka hits you with a +1 great mace of holy wrath!
You convulse!
You puncture Saint Roka!
Saint Roka is moderately wounded.
Saint Roka is no longer covered in acid.
You hit Saint Roka but do no damage.
Saint Roka is moderately wounded.
Saint Roka says, "In the orcish mines, orcs kill the likes of YOU!"
Saint Roka mumbles some strange prayers to Beogh against you.
Beogh smites you!
You hit Saint Roka but do no damage.
Saint Roka is moderately wounded.
You hit Saint Roka.
Saint Roka is moderately wounded.
Saint Roka hits you but does no damage.
You completely miss Saint Roka.
Saint Roka is moderately wounded.
Saint Roka invokes the aid of Beogh against you.
Beogh smites you!
You hit Saint Roka.
Saint Roka is moderately wounded.
You hit Saint Roka.
Saint Roka is moderately wounded.
Saint Roka says, "In the orcish mines, orcs kill the likes of YOU!"
Saint Roka hits you with a +1 great mace of holy wrath!!
You convulse!
* * * LOW HITPOINT WARNING * * *
You barely miss Saint Roka.
Saint Roka is moderately wounded.
You hit Saint Roka but do no damage.
Saint Roka is moderately wounded.
Saint Roka hits you with a +1 great mace of holy wrath!!
* * * LOW HITPOINT WARNING * * *
You convulse!!
You die...
Kikubaaqudgha rasps: "You have failed me!
Welcome... death!"

#...................#
.##........##..........#
...........##...........#
o#.....)...............##
##...$.................#
###.#..............#.##
###.............####
#......).)o.####
###......[♣.# #........##
##.......# ####..###
#..## ##.# ###


You could see Saint Roka.

Vanquished Creatures
  Gastronok (D:10)
  2 hydras
  Harold (Orc:1)
  The ghost of Golfball the Grappler, a novice TrFi of Dithmenos (D:6)
  An anaconda (Lair:6)
  An ice dragon (Lair:6)
  Erica (Orc:1)
  2 two-headed ogres
  11 death yaks
  A catoblepas (Lair:6)
  Pikel (D:7)
  A lindwurm (Lair:6)
  A wolf spider (Lair:6)
  A manticore (D:11)
  23 elephants
  A cyclops (D:11)
  A guardian serpent (Lair:6)
  11 black mambas
  Psyche (D:9)
  6 torpor snails (Lair:6)
  Maggie (D:10)
  19 cane toads
  8 komodo dragons
  A kobold demonologist (D:11)
  A rime drake (Lair:5)
  A polar bear (Lair:6)
  5 trolls
  17 blink frogs
  5 tyrant leeches
  10 hornets (Lair:6)
  The ghost of mainiacjoe the Skirmisher, an amateur OgMo (D:4)
  3 shadows
  2 redbacks
  A wraith (D:11)
  11 wyverns
  55 yaks
  4 basilisks
  2 steam dragons (D:9)
  3 vampire mosquitoes (D:11)
  2 wargs
  Menkaure (D:7)
  Edmund (D:5)
  Duvessa (D:6)
  20 water moccasins
  5 black bears
  16 orc warriors
  5 sky beasts
  2 necrophages
  25 wolves
  7 ogres
  7 centaurs
  A lemure (D:7)
  4 kobold brigands
  11 bullfrogs
  Dowan (D:6)
  2 water moccasin zombies (D:6)
  A wyvern zombie (D:8)
  5 scorpions
  2 wyvern skeletons (D:7)
  8 killer bees
  11 wights
  A howler monkey (D:10)
  3 bullfrog zombies (D:6)
  5 centaur zombies
  A human zombie (D:6)
  A centaur skeleton (D:6)
  2 hounds
  4 jellies
  A bullfrog skeleton (D:6)
  A gnoll shaman (D:8)
  12 orc priests
  Crazy Yiuf (D:3)
  Jessica (D:2)
  2 iguanas
  13 orc wizards
  A howler monkey zombie (D:6)
  2 mummies (D:6)
  Robin (D:2)
  6 adders
  7 gnolls (D:8)
  A shadow imp (D:5)
  A white imp (D:8)
  2 ufetubi
  An adder zombie (Ossuary)
  2 worms (D:2)
  4 dart slugs
  36 orcs
  5 endoplasms
  4 giant cockroaches
  14 goblins
  16 hobgoblins
  10 jackals
  6 quokkas
  13 ball pythons
  A ball python skeleton (Ossuary)
  6 bats
  3 frilled lizards
  A hobgoblin zombie (Ossuary)
  16 kobolds
  2 kobold zombies (Ossuary)
  2 orc skeletons (Ossuary)
  6 rats
574 creatures vanquished.

Vanquished Creatures (collateral kills)
  A wraith (Ossuary)
1 creature vanquished.

Vanquished Creatures (others)
  42 fungi
  72 plants
114 creatures vanquished.

Grand Total: 689 creatures vanquished

Notes
Turn   | Place    | Note
-------+----------+-------------------------------------------
     0 | D:1      | SnakkuSnakku7 the Vampire Hedge Wizard began the quest for
                  | the Orb.
     0 | D:1      | Reached XP level 1. HP: 13/13 MP: 4/4
   178 | D:2      | Reached skill level 1 in Fighting
   178 | D:2      | Reached XP level 2. HP: 5/21 MP: 0/6
   302 | D:1      | Reached skill level 1 in Axes
   453 | D:1      | Found a faded altar of an unknown god.
   484 | D:1      | Gained mutation: You are afflicted with vampirism and can
                  | become a bat while bloodless. [Vampire growth]
   484 | D:1      | Reached XP level 3. HP: 27/27 MP: 7/7
   881 | D:2      | Reached XP level 4. HP: 30/34 MP: 1/8
   996 | D:2      | Noticed Robin
  1031 | D:2      | Found a snail-covered altar of Cheibriados.
  1080 | D:2      | Killed Robin
  1287 | D:2      | Noticed Jessica
  1294 | D:2      | Killed Jessica
  1295 | D:2      | Reached XP level 5. HP: 41/41 MP: 9/9
  1849 | D:3      | Found a broken altar of Ashenzari.
  2093 | D:3      | Found a runed translucent door.
  2094 | D:3      | Noticed Crazy Yiuf
  2410 | D:4      | Noticed a sky beast
  2640 | D:4      | Reached XP level 6. HP: 45/48 MP: 10/10
  2660 | D:4      | Killed a sky beast
  2705 | D:4      | Found a sand-covered staircase.
  2710 | Ossuary  | Entered an ossuary
  2897 | Ossuary  | HP: 1/34 [wight (4)]
  3160 | Ossuary  | Noticed a wraith
  3160 | Ossuary  | Noticed a flying skull
  3168 | Ossuary  | Noticed a flying skull
  3176 | Ossuary  | Reached skill level 1 in Maces & Flails
  3187 | Ossuary  | Noticed a wraith
  3255 | Ossuary  | Identified a scroll of acquirement
  3255 | Ossuary  | Acquired 882 gold pieces
  3261 | Ossuary  | Killed a wraith
  3262 | Ossuary  | Reached skill level 2 in Maces & Flails
  3262 | Ossuary  | Reached XP level 7. HP: 13/47 MP: 11/11
  3337 | Ossuary  | Acquired 1099 gold pieces
  3341 | Ossuary  | Noticed a flying skull
  3365 | Ossuary  | Noticed a wraith
  3366 | Ossuary  | Noticed a flying skull
  3492 | D:4      | Found a snail-covered altar of Cheibriados.
  3585 | D:4      | Found a transporter.
  3586 | D:4      | Noticed mainiacjoe's ghost (amateur OgMo)
  3596 | D:4      | Found a transporter.
  3694 | D:5      | Entered Level 5 of the Dungeon
  3795 | D:5      | Reached skill level 3 in Maces & Flails
  3815 | D:5      | Noticed Menkaure
  4017 | D:5      | Reached skill level 1 in Throwing
  4078 | D:5      | Reached skill level 4 in Maces & Flails
  4087 | D:5      | Reached XP level 8. HP: 51/60 MP: 12/12
  4212 | D:5      | Noticed Edmund
  4220 | D:5      | Killed Edmund
  4592 | D:6      | Found a sacrificial altar of Ru.
  4686 | D:6      | Reached skill level 5 in Maces & Flails
  4731 | D:6      | Found a basalt altar of Yredelemnul.
  4755 | D:6      | Reached skill level 6 in Maces & Flails
  4867 | D:6      | Reached XP level 9. HP: 57/65 MP: 13/13
  4874 | D:6      | Reached skill level 7 in Maces & Flails
  4911 | D:6      | Found an iron altar of Okawaru.
  5005 | D:6      | Found a staircase to the Ecumenical Temple.
  5014 | Temple   | Entered the Ecumenical Temple
  5380 | D:6      | Noticed Dowan
  5491 | D:6      | Noticed Duvessa
  5527 | D:6      | Killed Duvessa
  5528 | D:6      | Reached skill level 8 in Maces & Flails
  5540 | D:6      | Killed Dowan
  5660 | D:6      | Found a runed translucent door.
  5660 | D:6      | Noticed a troll
  5660 | D:6      | Noticed Golfball's ghost (novice TrFi)
  6404 | D:7      | Killed Menkaure
  6405 | D:7      | Reached skill level 9 in Maces & Flails
  6525 | D:7      | Noticed Pikel
  6560 | D:7      | Killed Pikel
  6561 | D:7      | Reached XP level 10. HP: 52/71 MP: 14/14
  6810 | D:7      | Reached skill level 10 in Maces & Flails
  7308 | D:8      | Got Sif Muna's Collected Works on Flight
  7810 | D:9      | Noticed a two-headed ogre
  7834 | D:9      | Killed a two-headed ogre
  7835 | D:9      | Reached skill level 11 in Maces & Flails
  8134 | D:9      | Noticed Psyche
  8181 | D:9      | Killed Psyche
  8390 | D:9      | Found a radiant altar of Vehumet.
  8390 | D:9      | Found an ancient bone altar of Kikubaaqudgha.
  8392 | D:9      | Found a shimmering blue altar of Sif Muna.
  8556 | D:9      | Became a worshipper of Kikubaaqudgha
  8795 | D:10     | Entered Level 10 of the Dungeon
  8795 | D:10     | Found a staircase to the Orcish Mines.
  8865 | D:10     | Reached skill level 12 in Maces & Flails
  8869 | D:10     | Reached XP level 11. HP: 70/77 MP: 15/15
  8947 | D:10     | Noticed Maggie
  8962 | D:10     | Killed Maggie
  8989 | D:10     | Noticed Gastronok
  9122 | D:10     | Killed Gastronok
  9190 | D:10     | Identified the +2 dire flail "Waetuph" {freeze, rPois
                  | Str+2}
  9337 | D:10     | Found a portal to a secret trove of treasure.
  9634 | D:11     | Reached skill level 13 in Maces & Flails
  9756 | D:11     | Found a staircase to the Lair.
  9816 | D:11     | Reached * piety under Kikubaaqudgha
  9816 | D:11     | Received a gift from Kikubaaqudgha
 10281 | D:11     | Reached skill level 5 in Fighting
 10439 | D:11     | Noticed a two-headed ogre
 10455 | D:11     | Killed a two-headed ogre
 10465 | D:11     | Found a runed translucent gate.
 10465 | D:11     | Found a runed translucent gate.
 10465 | D:11     | Found a runed translucent gate.
 10466 | D:11     | Noticed Krazlmac's ghost (journeyman TeMo)
 10545 | Lair:1   | Entered Level 1 of the Lair of Beasts
 10612 | Lair:1   | Reached XP level 12. HP: 53/88 MP: 16/16
 11424 | Lair:2   | Found a hole to the Spider Nest.
 11485 | Lair:2   | Reached ** piety under Kikubaaqudgha
 12252 | Lair:3   | Noticed a death yak
 12254 | Lair:3   | Noticed a death yak
 12254 | Lair:3   | Noticed a death yak
 12281 | Lair:2   | Killed a death yak
 12354 | Lair:3   | Reached skill level 10 in Fighting
 12375 | Lair:3   | Reached skill level 1 in Armour
 12901 | Lair:3   | Found a staircase to the Swamp.
 13096 | Lair:3   | Killed a death yak
 13109 | Lair:3   | Killed a death yak
 13110 | Lair:3   | Reached skill level 5 in Armour
 13376 | Lair:4   | Reached XP level 13. HP: 89/103 MP: 17/17
 13423 | Lair:4   | Reached *** piety under Kikubaaqudgha
 13423 | Lair:4   | Received a gift from Kikubaaqudgha
 13944 | Lair:4   | Identified the +0 pair of gloves "Gyuxky" {SInv}
 14531 | Lair:5   | Found a runed translucent door.
 14533 | Lair:5   | Found a viscous altar of Jiyva.
 14544 | Lair:5   | Found a staircase to the Slime Pits.
 14648 | Lair:5   | Reached **** piety under Kikubaaqudgha
 14948 | Lair:5   | Reached skill level 10 in Armour
 15378 | Lair:6   | Entered Level 6 of the Lair of Beasts
 15501 | Lair:5   | Reached skill level 5 in Dodging
 15552 | Lair:6   | Reached XP level 14. HP: 108/110 MP: 18/18
 15570 | Lair:6   | Reached ***** piety under Kikubaaqudgha
 15878 | Lair:6   | Found a runed translucent door.
 16562 | Lair:6   | Reached skill level 10 in Dodging
 16591 | Lair:6   | Reached skill level 1 in Necromancy
 17024 | Lair:6   | Found a hide-covered altar of Uskayaw.
 17080 | Lair:6   | Reached skill level 5 in Necromancy
 17492 | Lair:6   | Reached ****** piety under Kikubaaqudgha
 18454 | D:3      | Killed Crazy Yiuf
 18584 | D:4      | Killed mainiacjoe's ghost
 18713 | D:6      | Killed Golfball's ghost
 18831 | Orc:1    | Entered Level 1 of the Orcish Mines
 18831 | Orc:1    | Noticed Erica
 18846 | Orc:1    | Killed Erica
 18861 | Orc:1    | Noticed Harold
 18912 | Orc:1    | Killed Harold
 19261 | Orc:1    | Found a shimmering blue altar of Sif Muna.
 19279 | Orc:1    | Got Sif Muna's Reference Book on the Glacier
 19328 | Orc:2    | Entered Level 2 of the Orcish Mines
 19450 | Orc:2    | Found a staircase to the Elven Halls.
 19527 | Orc:2    | Noticed Saint Roka
 19683 | Orc:2    | Mangled by Saint Roka

Illustrated notes

Levels and vault maps discovered:
D:1:      minmay_arrival_four_houses, layout_basic,
          ebering_ecumenical_altar_sacrificial
D:2:      layout_basic, basic_altar, minmay_goblin_kobold_house, uniq_jessica,
          uniq_robin
D:3:      layout_rooms, mainiacjoe_overflow_alcove_1,
          chequers_serial_rivers_micro_a, uniq_crazy_yiuf_cottage
D:4:      layout_cave_pools, mainiacjoe_overflow_surrounded_room,
          gammafunk_ghost_smash, enter_ossuary_3
D:5:      layout_basic, uniq_menkaure, uniq_edmund
D:6:      layout_basic, lemuel_mausoleum_altar_yredelemnul,
          overflow_temple_1_default, nicolae_overflow_hidden_temple,
          temple_hall, ebering_ghost_inner_flame, uniq_duvessa
D:7:      layout_basic, elyvilon_altar_4, uniq_pikel
D:8:      layout_basic
D:9:      layout_basic, grunt_temple_overflow_magic_moments, uniq_psyche
D:10:     layout_long_grid, minmay_orc_entry_temple_small,
          nicolae_trove_entry_free_sample, chequers_serial_rivers_micro_c,
          uniq_gastronok, uniq_maggie
D:11:     layout_loops_ring, grunt_lair_entry_orc_guard_hut,
          gammafunk_ghost_necromancy, serial_bayou_pond_e
Temple:   oiseaux_autumnal_temple
Lair:1:   layout_chaotic_city
Lair:2:   layout_loops_ring, spider_nest_entry_rubble, serial_bayou_shore_a
Lair:3:   layout_regular_city, minmay_swamp_entry_worms
Lair:4:   layout_loops_ring, grunt_forest_stairs_basic
Lair:5:   layout_small_grid, slime_altar_2
Lair:6:   wormcave, layout_gridlike, hangedman_lair_tendril_chambers,
          lemuel_centaur_altar
Orc:1:    layout_caves, basic_altar, led_sif_book, uniq_erica, uniq_harold
Orc:2:    st_orc_ogre_mass, layout_diamond_mine, uniq_saint_roka

Skill      XL: |  1  2  3  4  5  6  7  8  9 10 11 12 13 14 |
---------------+-------------------------------------------+-----
Fighting       | 1 2 3 4 6 10 | 10.0
Axes           | 1 2 3 4 |  4.5
Maces & Flails | 2 4 6 9 12 13 | 13.7
Throwing       | 2 4 |  4.0
Armour         | 5 10 | 10.0
Dodging        | 5 10 | 10.0
Necromancy     | 9 |  9.2
Stealth        | |  3.0
Spellcasting   | |  3.0
Conjurations   | |  0.6
Summonings     | |  1.0
Translocations | |  0.7

Action                   |  1- 3 |  4- 6 |  7- 9 | 10-12 | 13-15 || total
-------------------------+-------+-------+-------+-------+-------++-------
Melee: Hand axe          |   108 |   317 |       |       |       ||   425
       Dagger            |     8 |       |       |       |       ||     8
       Bite              |     8 |    24 |    26 |   119 |   224 ||   401
       Short sword       |     1 |       |       |       |       ||     1
       Morningstar       |       |    27 |    76 |       |       ||   103
       Dire flail        |       |       |   224 |   941 |  1565 ||  2730
Throw: Dart              |       |       |     5 |    65 |    14 ||    84
       Throwing net      |       |       |       |       |     3 ||     3
 Cast: Magic Dart        |    13 |       |       |       |       ||    13
Evoke: Wand              |       |       |     8 |     7 |    15 ||    30
  Use: Scroll            |       |     6 |     6 |    11 |     4 ||    27
       Potion            |       |     4 |     2 |       |     3 ||     9
 Stab: Sleeping          |     5 |       |     5 |     5 |       ||    15
       Distracted        |       |       |       |     1 |       ||     1
       Held in net/web   |       |       |       |       |     3 ||     3
Armor: Robe              |     8 |       |       |       |       ||     8
       Scale mail        |    52 |    73 |       |       |       ||   125
       Chain mail        |       |   154 |    73 |       |       ||   227
       Leather armour    |       |       |    83 |    92 |       ||   175
       Swamp dragon scal |       |       |       |   237 |   547 ||   784
       Ring mail         |       |       |       |       |     9 ||     9
       Skin              |       |       |       |       |     1 ||     1
Dodge: Dodged            |    78 |   144 |   117 |   322 |   708 ||  1369
